 Dungeon Crawl Stone Soup version 0.27.1-33-g824d729ab1 (webtiles) character file.

Game seed: 360370716643691300

5 BaruZool the Grasshopper (level 1, -2/17 HPs)
             Began as a Palentonga Warper on Nov 26, 2021.
             Slain by a kobold (4 damage)
             ... on level 1 of the Dungeon.
             The game lasted 00:01:23 (46 turns).

BaruZool the Grasshopper (Palentonga Warper)          Turns: 46, Time: 00:01:24

Health: -2/17      AC:  4    Str: 14    XL:     1   Next: 66%
Magic:  3/3        EV:  9    Int: 13    God:
Gold:   0          SH:  0    Dex:  9    Spells: 4/4 levels left

rFire    . . .     SeeInvis +   a - +0 mace
rCold    . . .     Faith    .   (no shield)
rNeg     . . .     Spirit   .   b - +0 leather armour
rPois    .         Reflect  .   (no helmet)
rElec    .         Harm     .   (no cloak)
rCorr    .         Rampage  .   (no gloves)
Will     .....                  (no barding)
Stlth    +.........             (no amulet)
HPRegen  0.05/turn              (no ring)
MPRegen  0.08/turn              (no ring)

@: no status effects
A: large, rugged brown scales 3, see invisible, deformed body, roll 1, armoured
tail
a: Rolling Charge


You were on level 1 of the Dungeon.
You visited 1 branch of the dungeon, and saw 1 of its levels.

Inventory:

Hand Weapons
 a - a +0 mace (weapon)
Missiles
 d - 5 boomerangs of dispersal (quivered)
Armour
 b - a +0 leather armour (worn)
Scrolls
 c - a scroll of blinking


   Skills:
 * Level 2.1 Fighting
 * Level 2.1 Maces & Flails
 - Level 0.6 Throwing
 - Level 0.7 Armour
 - Level 1.5 Dodging
 + Level 2.0 Spellcasting
 + Level 3.0 Translocations


You had 4 spell levels left.
You didn't know any spells.
Your spell library contained the following spells:

 Spells                   Type           Power      Damage    Failure   Level
 Blink                    Tloc           N/A        N/A       14%         2
 Gell's Gravitas          Tloc           4%         N/A       26%         3
 Lesser Beckoning         Tloc           4%         N/A       26%         3
 Teleport Other           Tloc           9%         N/A       26%         3
 Manifold Assault         Tloc           9%         N/A       94%         5


Dungeon Overview and Level Annotations

Branches:
Dungeon (1/15)

Altars:


Innate Abilities, Weirdness & Mutations

You are completely covered in rugged brown scales. (AC +3, +7% HP)
You have supernaturally acute eyesight. (SInv)
Armour fits poorly on your strangely shaped body.
You can roll at nearby foes to attack.
You have a long armoured tail.


Message History

You barely miss the jackal. You tail-slap the jackal.
You kill the jackal!
Things that are here:
a jackal corpse; a jackal corpse; a jackal corpse The jackal barks!
Things that are here:
a jackal corpse; a jackal corpse; a jackal corpse
Things that are here:
a jackal corpse; a jackal corpse; a jackal corpse You miss the jackal.
Your tail-slap misses the jackal.
The jackal misses you.
You barely miss the jackal.
The jackal bites you but does no damage.
The jackal completely misses you.
You hit the jackal.
The jackal is heavily wounded.
The jackal bites you. The jackal barely misses you.
You barely miss the jackal.
The jackal is moderately wounded.
The kobold shouts!
The jackal bites you but does no damage. x2
You closely miss the jackal.
The jackal is moderately wounded.
The jackal bites you. x2
You hit the jackal.
You kill the jackal!
The kobold throws a stone.
The stone hits you but does no damage.
The kobold throws a stone.
The stone barely misses you.
The kobold throws a stone.
The stone hits you but does no damage. The kobold hits you but does no damage.
You barely miss the kobold. The kobold hits you but does no damage.
You closely miss the kobold.
Your tail-slap misses the kobold.
The kobold hits you with a +0 short sword. x2
* * * LOW HITPOINT WARNING * * *
You miss the kobold.
The kobold hits you with a +0 short sword.
* * * LOW HITPOINT WARNING * * *
You hit the kobold.
The kobold is moderately wounded.
The kobold hits you with a +0 short sword.
You die...

#.<.## #.........
#.#....#
#........h
#.####.#
#.........
#......###........
#.≈≈....##....#
#.≈≈....##....#
#.......#.....#
#.......#†#####
#.......@K#
###########


You could see a kobold.

Vanquished Creatures
  4 jackals (D:1)
4 creatures vanquished.

Notes
Turn   | Place    | Note
-------+----------+-------------------------------------------
     0 | D:1      | BaruZool the Palentonga Warper began the quest for the Orb.
     0 | D:1      | Reached XP level 1. HP: 17/17 MP: 3/3
    46 | D:1      | Slain by a kobold

Illustrated notes

Levels and vault maps discovered:
D:1:      amcnicky_arrival_single_pillar, layout_basic

Action                   || total
-------------------------++-------
Melee: Mace              ||    15
       Tailslap          ||     1
Armor: Leather armour    ||     9
Dodge: Dodged            ||     5
